 Dungeon Crawl Stone Soup version 0.17.2-1-ge4368a0 (webtiles) character file.

87 Goblin1989 the Skirmisher (level 4, -8/38 HPs)
             Began as a Demonspawn Artificer on Nov 20, 2016.
             Mangled by a gnoll
             ... wielding a +0 halberd
              (11 damage)
             ... on level 2 of the Dungeon.
             The game lasted 00:06:23 (2065 turns).

Goblin1989 the Skirmisher (Demonspawn Artificer)    Turns: 2065, Time: 00:06:23

Health: -8/38      AC:  8    Str: 13    XL:     4   Next: 28%
Magic:  6/6        EV:  9    Int: 13    God:
Gold:   63         SH:  0    Dex: 13    Spells: 0 memorised, 3 levels left

rFire  . . .     SeeInvis .     a - +0 short sword
rCold  . . .     Clarity  .     x - +0 scale mail
rNeg   + . .     SustAt   +     (no shield)
rPois  .         Gourm    .     (no helmet)
rElec  .         Spirit   .     o - +0 cloak
rCorr  .         Warding  +     (no gloves)
rMut   .         Stasis   .     (no boots)
MR     .....                    d - amulet of warding
Stlth  ..........               u - ring of sustain attributes
                                b - ring of wizardry

@: not resistant to hostile enchantments, extremely unstealthy
A: rugged brown scales 1, spiny 1
a: no special abilities


You were on level 2 of the Dungeon.
You were very hungry.

You visited 1 branch of the dungeon, and saw 2 of its levels.

You collected 63 gold pieces.

Inventory:

Hand Weapons
 a - a +0 short sword (weapon)
Armour
 o - a +0 cloak (worn)
 x - a +0 scale mail (worn)
Jewellery
 b - a ring of wizardry (left hand)
 d - an amulet of warding (around neck)
 u - a ring of sustain attributes (right hand)
Wands
 c - a wand of flame (10)
 e - a wand of random effects (15)
 E - a wand of enslavement (15)
Scrolls
 g - 3 scrolls of identify {unknown}
 l - 3 scrolls of remove curse {unknown}
 n - 2 scrolls of magic mapping {unknown}
 q - 3 scrolls of teleportation {unknown}
 v - a scroll of amnesia {unknown}
 w - a scroll of fog {unknown}
Potions
 h - a potion of agility {unknown}
 k - a potion of brilliance {unknown}
 p - a potion of curing {unknown}
 r - 2 potions of flight {unknown}
 s - a potion of invisibility {unknown}
 t - a potion of haste {unknown}
 z - a potion of degeneration {unknown}
Comestibles
 f - 2 bread rations {@e1}
 i - 5 fruits
 j - a slice of pizza
 m - a meat ration {@e2}


   Skills:
 * Level 4.0 Fighting
 - Level 0.8 Short Blades
 + Level 0.6 Armour
 - Level 1.7 Dodging
 - Level 0.8 Stealth
 - Level 3.0 Evocations


You had 3 spell levels left.
You didn't know any spells.

Dungeon Overview and Level Annotations

Branches:
Dungeon (2/15)

Altars:
Ashenzari


Innate Abilities, Weirdness & Mutations

You are partially covered in rugged brown scales (AC +1, +3% HP).
You are partially covered in sharp spines.


Message History

* * * LOW HITPOINT WARNING * * *
You take 2 damage, and have 13/38 hp.
The gnoll hits you but does no damage.
You see here a flail.
You hit the gnoll.
The gnoll is lightly wounded.
The gnoll is struck by your spines. The gnoll hits you with a halberd!
* * * LOW HITPOINT WARNING * * *
You take 8 damage, and have 5/38 hp.
MASSIVE DAMAGE!!
You hit the gnoll.
The gnoll is heavily wounded.
You hit the gnoll.
The gnoll is heavily wounded.
The gnoll hits you with a halberd.
* * * LOW HITPOINT WARNING * * *
You take 2 damage, and have 3/38 hp.
You completely miss the gnoll.
The gnoll is heavily wounded.
The gnoll is struck by your spines. The gnoll hits you with a halberd!
You die... ███████████

█...g@)...█
██.███████.█████
█........█.█...
█..█████.█.█.████. █
█.>................█
█..█████.█.█.████..████
█........█.█.████......
█...█....█...█.........
████......................


You could see a gnoll.

Vanquished Creatures
  2 gnolls (D:2)
  An adder (D:2)
  2 oozes (D:2)
  3 worms (D:2)
  4 giant geckos
  3 giant cockroaches
  2 goblins
  6 hobgoblins
  4 kobolds
  A quokka (D:2)
  3 bats
  4 giant newts
  5 rats
40 creatures vanquished.

Notes
Turn   | Place    | Note
--------------------------------------------------------------
     0 | D:1      | Goblin1989 the Demonspawn Artificer began the quest for the Orb.
     0 | D:1      | Reached XP level 1. HP: 15/15 MP: 3/3
   452 | D:1      | Gained mutation: You are partially covered in sharp spines. [demonic ancestry]
   452 | D:1      | Reached XP level 2. HP: 20/22 MP: 4/4
   538 | D:1      | Found a shattered altar of Ashenzari.
   542 | D:1      | Goblin1989: !lg goblin1989 s=-god
   542 | D:1      | beem: 1548 games for goblin1989: Jiyva, Beogh, 2x Pakellas, 2x Nemelex Xobeh, 3x Yredelemnul, 3x Sif Muna, 4x Zin, 6x Kikubaaqudgha, 7x The Shining One, 7x Uskayaw, 9x Xom, 10x Qazlal, 11x Vehumet, 13x Elyvilon, 14x Fedhas, 14x Hepliaklqana, 25x Ashenzari, 26x Dithmenos, 28x Lugonu, 35x Ru, 50x Cheibriados, 78x Trog, 81x Makhleb, 92x Okawaru, 93x Gozag, 933x
   542 | D:1      | Goblin1989: !lg goblin1989 s=cv
   542 | D:1      | beem: 1548 games for goblin1989: 1044x 0.17, 185x 0.17-a, 113x 0.18-a, 88x 0.19-a, 54x 0.18, 35x 0.16, 19x 0.15, 6x 0.19, 3x 0.20-a, 0.16-a
  1434 | D:2      | Reached XP level 3. HP: 27/29 MP: 5/5
  2056 | D:2      | Gained mutation: You are partially covered in rugged brown scales (AC +1, +3% HP). [demonic ancestry]
  2056 | D:2      | Reached XP level 4. HP: 25/38 MP: 6/6
  2060 | D:2      | Reached skill level 4 in Fighting
  2065 | D:2      | Mangled by a gnoll

Action                   |  1- 3 |  4- 6 || total
-------------------------+-------+-------++-------
Melee: Short sword       |    77 |     7 ||    84
Evoke: Wand              |     5 |       ||     5
 Stab: Sleeping          |     2 |       ||     2
       Distracted        |     1 |       ||     1
  Eat: Chunk             |     2 |       ||     2

Vault maps used:
D:1:      roderic_crop_circles_arrival_small, st_stairs_14, minmay_fountain_box,
          ashenzari_altar_1
